 Dungeon Crawl Stone Soup version 0.27-a0-607-g1ad3dbde53 (webtiles) character file.

Game seed: 17257019368059155930

161 Gaff the Skirmisher (level 5, 0/53 HPs)
             Began as an Ogre Warper on Mar 12, 2021.
             Was a Follower of Zin.
             Slain by a hound (1 damage)
             ... on level 4 of the Dungeon.
             The game lasted 00:18:54 (6475 turns).

Gaff the Skirmisher (Ogre Warper)                   Turns: 6475, Time: 00:18:55

Health: 0/53       AC:  3    Str: 15    XL:     5   Next: 42%
Magic:  2/10       EV: 10    Int: 15    God:    Zin [*.....]
Gold:   171        SH:  0    Dex:  8    Spells: 4/10 levels left

rFire    . . .     SeeInvis .   a - +0 spear
rCold    . . .     Faith    .   (no shield)
rNeg     . . .     Spirit   .   b - +0 robe
rPois    .         Reflect  .   (helmet restricted)
rElec    .         Harm     .   (no cloak)
rCorr    .         Rampage  .   (gloves unavailable)
Will     .....                  (boots unavailable)
Stlth    +.........             (no amulet)
HPRegen  0.17/turn              (no ring)
MPRegen  0.12/turn              (no ring)

@: very slightly contaminated
A: large, unfitting armour, tough skin 1
a: Renounce Religion, Recite, Donate Gold


You were on level 4 of the Dungeon.
You worshipped Zin.
Zin was aware of your devotion.
You visited 1 branch of the dungeon, and saw 4 of its levels.

You collected 189 gold pieces.
You donated 18 gold pieces to Zin.

Inventory:

Hand Weapons
 a - a +0 spear (weapon)
 q - a +0 spear
Missiles
 e - 5 boomerangs of dispersal
 h - 170 stones (quivered)
 l - 12 poisoned darts
Armour
 b - a +0 robe (worn)
 m - a +2 pair of gloves of dexterity
Scrolls
 c - 2 scrolls of enchant armour {unknown}
 d - a scroll of blinking
 f - a scroll of amnesia {unknown}
 g - a scroll of immolation
 i - 2 scrolls of enchant weapon
 j - 2 scrolls of teleportation {unknown}
 k - 3 scrolls of identify
 n - a scroll of fear {unknown}
Potions
 o - 2 potions of attraction {unknown}
 p - a potion of degeneration {unknown}


   Skills:
 - Level 3.5 Fighting
 - Level 2.4 Polearms
 * Level 2.4 Throwing
 + Level 3.0 Dodging
 + Level 3.3 Spellcasting
 + Level 3.3 Translocations


You had 4 spell levels left.
You knew the following spells:

 Your Spells              Type           Power      Damage    Failure   Level
a - Blink                 Tloc           N/A        N/A       8%          2
b - Manifold Assault      Tloc           12%        N/A       45%         4

Your spell library contained the following spells:

 Spells                   Type           Power      Damage    Failure   Level
 Gell's Gravitas          Tloc           6%         N/A       16%         3
 Lesser Beckoning         Tloc           6%         N/A       16%         3
 Teleport Other           Tloc           12%        N/A       16%         3


Dungeon Overview and Level Annotations

Branches:
Dungeon (4/15)
 Temple: D:4-7

Altars:
Elyvilon
Hepliaklqana
Wu Jian
Zin


Innate Abilities, Weirdness & Mutations

You are too large for most types of armour.
You have tough skin. (AC +1)


Message History

Casting: Blink (safe; 8% risk of failure)
Confirm with . or Enter, or press ? or * to list all spells.
You blink.
Casting: Blink (safe; 8% risk of failure)
Confirm with . or Enter, or press ? or * to list all spells.
You miscast Blink.
You are very lightly contaminated with residual magic.
Nothing appears to happen.
The hound bites you.
* * * LOW HITPOINT WARNING * * *
Unknown command.
The hound bites you.
* * * LOW HITPOINT WARNING * * *
You hit the hound.
The hound is moderately wounded.
The hound bites you.
* * * LOW HITPOINT WARNING * * *
You hit the hound.
The hound is severely wounded.
The hound bites you.
* * * LOW HITPOINT WARNING * * *
The hound bites you.
* * * LOW HITPOINT WARNING * * *
You closely miss the hound.
The hound is severely wounded.
The hound bites you.
* * * LOW HITPOINT WARNING * * *
You barely miss the hound.
The hound is severely wounded.
The hound bites you.
* * * LOW HITPOINT WARNING * * *
The hound bites you.
* * * LOW HITPOINT WARNING * * *
You hit the hound.
The hound is severely wounded.
The hound bites you.
* * * LOW HITPOINT WARNING * * *
You miss the hound.
The hound is severely wounded.
The hound bites you.
You die...

#...##..............
#...###.............
#..## ##....#######.
##.## ##..## ## .. #..#
#..# # ..# ####.## #..# #
...###....# #.## ##
#.....>...#### #.## #.
#...........@#####..##
##.
#.##........h.......##
###.. #
##.....####...##...##....
##....# ##..# #.......
##...## #ยง.# ##..##..
##....# #..## ##..###.
##.....## ##.>.###....###
####..###..##
#............## #.#..##
##..###........###..#


You could see a hound.

Vanquished Creatures
  4 adders
  2 oozes
  4 worms
  4 dart slugs
  3 leopard geckos
  6 orcs (D:3)
  A ball python (D:1)
  5 giant cockroaches
  8 hobgoblins
  8 jackals (D:1)
  2 quokkas
  11 bats
  2 frilled lizards
  10 goblins
  7 kobolds
  A leopard gecko skeleton (D:4)
  6 rats
84 creatures vanquished.

Vanquished Creatures (others)
  15 plants
15 creatures vanquished.

Grand Total: 99 creatures vanquished

Notes
Turn   | Place    | Note
-------+----------+-------------------------------------------
     0 | D:1      | Gaff the Ogre Warper began the quest for the Orb.
     0 | D:1      | Reached XP level 1. HP: 22/22 MP: 3/3
   169 | D:1      | HP: 1/22 [kobold/+0 short sword (2)]
   173 | D:1      | Reached XP level 2. HP: 1/29 MP: 3/5
   481 | D:1      | Learned a level 2 spell: Blink
  1077 | D:1      | Reached XP level 3. HP: 30/37 MP: 7/7
  2021 | D:2      | Found a hazy altar of Hepliaklqana.
  2080 | D:2      | Found a glowing silver altar of Zin.
  2085 | D:2      | Became a worshipper of Zin the Law-Giver
  2185 | D:2      | Reached * piety under Zin
  2478 | D:2      | Reached XP level 4. HP: 34/45 MP: 8/8
  3004 | D:2      | Found a faded altar of an unknown god.
  3148 | D:2      | Found a white marble altar of Elyvilon.
  3658 | D:3      | Found an ornate altar of the Wu Jian Council.
  4394 | D:3      | Reached XP level 5. HP: 44/53 MP: 9/9
  5573 | D:4      | Noticed an ogre
  5910 | D:4      | Learned a level 4 spell: Manifold Assault
  6473 | D:4      | HP: 2/53 [hound (3)]
  6475 | D:4      | Slain by a hound

Illustrated notes

Levels and vault maps discovered:
D:1:      psy_arrival_conway, layout_basic, kennysheep_minor_cross,
          hangedman_decor_growths
D:2:      layout_rooms, lemuel_crystal_altar, zin_statuary,
          chequers_ecumenical_altar_lobes, elyvilon_altar_3
D:3:      layout_loops_corners, nzn_wu_jian_contemplation, hangedman_decor_push
D:4:      layout_layer_cave, uniq_blork_the_orc, uniq_sigmund

Skill      XL: |  1  2  3  4  5 |
---------------+----------------+-----
Fighting       | 3 |  3.5
Translocations | 3 |  3.3
Spellcasting   | 3 |  3.3
Throwing       | 2 |  2.4
Dodging        | 3 |  3.0
Polearms       | |  2.4

Action                   |  1- 3 |  4- 6 || total
-------------------------+-------+-------++-------
Melee: Spear             |   173 |   242 ||   415
Throw: Stone             |    75 |   108 ||   183
 Cast: Blink             |     8 |     6 ||    14
       Manifold Assault  |       |     2 ||     2
  Use: Scroll            |     2 |       ||     2
Armor: Robe              |    52 |    52 ||   104
Dodge: Dodged            |    97 |   121 ||   218

Table legend: (Time is in decaauts)
 A = Elapsed time spent in this place.
 B = Non-inter-level travel time spent in this place.
 C = Inter-level travel time spent in this place.
 D = Time resting spent in this place.
 E = Time spent auto-exploring this place.
 F = Levels seen in this place.
 G = Mean time per level.
                   A        B        C        D        E       F      G
               +--------+--------+--------+--------+--------+-----+--------+
         Total |   6481 |   6422 |     59 |   2788 |   1901 |   4 | 1620.2 |
       Dungeon |   6481 |   6422 |     59 |   2788 |   1901 |   4 | 1620.2 |
               +--------+--------+--------+--------+--------+-----+--------+

Top non-repeatable levels by time:
     D:3: 2354 daAuts
     D:1: 2102 daAuts
     D:2: 1152 daAuts
     D:4: 872 daAuts
